[Event "*** Titled Tuesday Blitz"]
[Site "Chess.com"]
[Date "2020.11.03"]
[Round "4"]
[White "barriochess"]
[Black "GalperinPlaton"]
[Result "1-0"]
[WhiteElo "2376"]
[BlackElo "2860"]
[TimeControl "180+1"]
[EndTime "10:43:38 PST"]
[Termination "barriochess won by resignation"]

1. d4 Nf6 2. c4 d6 3. Nf3 g6 4. Nc3 Bf5 5. Nh4 Bd7 6. g3 e5 7. Nf3 Nc6 8. Bg2 Bg7 9. O-O O-O 10. d5 Ne7 11. e4 Bg4 12. h3 Bxf3 13. Bxf3 a5 14. a3 Nd7 15. Be3 f5 16. b4 f4 17.
Bd2 c6 18. Kg2 Nf6 19. Qb3 cxd5 20. Nxd5 Nexd5 21. cxd5 a4 22. Qd3 g5 23. g4 Qd7 24.
Be2 h5 25. f3 Kf7 26. Qb5 Qe7 27. Rac1 Kg6 28. Qb6 Rac8 29. Bb5 hxg4 30. hxg4 Rh8 31. Rxc8 Rxc8 32. Rc1 Rxc1 33. Bxc1 Bf8 34. Bxa4 Qh7 35.
Qf2 Qc7 36. Bd2 Qc4 37. Qe1 Qd3 38. Bc1 Be7 39. Qd1 Qa6 40. b5 Qa7 41. Bc2 Bd8 42. a4 Ba5 43. Ba3 Qe3 44. Bc1 Qc5 45. Bd3 Bb6 46. Qe1 Qd4 47. Bf1 Qxa4 48. Bd2 Qc2 49. Kh1 Qb2 50. Bb4 Qd4 51. Be2 Qe3 52. Bxd6 Nxe4 53.
Qb1 Qxe2 54. Qxe4+ Qxe4 55. fxe4 Kf6 56. Kg2 Bd4 57. Kf3 Kf7 58. Bc7 Ke7 59. Ba5 Kd6 60. Ke2 Bc5 61. Bd8 Bd4 62. Bxg5 Kc5 63. Be7+ Kxb5 64.
g5 Bc5 65. d6 Kc6 66. g6 Bxd6 67. Bxd6 Kxd6 68. g7 Kc5 69. g8=Q Kd4 70. Kf3 Kc3 71. Qd5 Kb2 72. Qxe5+ Ka3 73. Qxf4 b5 74. Qe5 b4 75. Qc5 Ka4 76. Qxb4+ Kxb4 77. e5 Kc5 78. Ke4 Kc6 79. Kf5 Kd7 80. Kf6 Kd8 81. Ke6 Ke8 82. Kd6 Kd8 83.
e6 Ke8 84. e7 Kf7 85. Kd7 1-0

[Event "*** Titled Tuesday Blitz"]
[Site "Chess.com"]
[Date "2020.11.03"]
[Round "4"]
[White "Mazetovic"]
[Black "Susal_De_Silva"]
[Result "1-0"]
[WhiteElo "2754"]
[BlackElo "2518"]
[TimeControl "180+1"]
[EndTime "10:43:39 PST"]
[Termination "Mazetovic won by resignation"]

1. e4 e5 2. Nf3 Nc6 3. Bb5 a6 4. Ba4 Nf6 5. Nc3 b5 6. Bb3 Be7 7. a4 b4 8. Nd5 O-O 9. Nxf6+ Bxf6 10. Bd5 Bb7 11. b3 Na5 12. Bxb7 Nxb7 13. d3 d5 14. Qe2 c5 15. O-O c4 16. dxc4 dxc4 17. Qxc4 Nd6 18. Qxb4 a5 19. Qe1 Qc7 20. Ba3 Rfd8 21.
Qe2 Rac8 22. c4 Qb7 23. Bxd6 Rxd6 24. Rab1 Rb6 25. Qc2 Rb8 26. c5 Rc6 27. Nd2 Qb4 28.
Nc4 Rxc5 29. Rfd1 g6 30. g3 Kg7 31. Kg2 Qb7 32. h4 h5 33. Qe2 Qc7 34. Ne3 Qc6 35. Nd5 Rc2 36. Qe3 Bd8 37. Rdc1 Rxc1 38. Rxc1 Qb7 39. Rc3 Bb6 40. Qf3 Bd8 41. Qd3 Qd7 42.
Qc4 Qg4 43. Rf3 Rb7 44. Qc6 Qd7 45. Qxd7 Rxd7 46. Rc3 Rb7 47. f3 Kf8 48. Kf1 Ke8 49.
Ke2 Kd7 50. Kd3 Rb8 51. Kc2 Rb7 52. Rc5 Rb8 53. Kc3 Rb7 54. Kc4 Rb8 55. Rb5 Rc8+ 56.
Rc5 Rb8 57. b4 axb4 58. Nxb4 Be7 59. Rd5+ Ke6 60. Rxe5+ Kxe5 61. Nc6+ Kd6 62. Nxb8 Kc7 63. Na6+ Kb6 64. Nb4 Bd6 65. f4 Ka5 66. Nd3 Kxa4 67. Kd5 Bb8 68. Ne5 g5 69. hxg5 Bxe5 70. Kxe5 f6+ 71.
Kxf6 h4 72. gxh4 1-0

[Event "*** Titled Tuesday Blitz"]
[Site "Chess.com"]
[Date "2020.11.03"]
[Round "4"]
[White "Jospem"]
[Black "seorobert1971"]
[Result "0-1"]
[WhiteElo "2998"]
[BlackElo "2730"]
[TimeControl "180+1"]
[EndTime "10:43:44 PST"]
[Termination "seorobert1971 won on time"]

1. e4 Nf6 2. e5 Nd5 3. d4 Nb6 4.
c4 d6 5. exd6 exd6 6. Nc3 Be7 7.
Bd3 Nc6 8. Nge2 Bg4 9. Be3 Qd7 10. O-O O-O 11. f3 Bf5 12. b3 Rfe8 13. Bf2 Bf8 14.
Bxf5 Qxf5 15. Qd2 d5 16. c5 Nc8 17. Qf4 Qd7 18. a3 N6e7 19. Qd2 c6 20. Nf4 Ng6 21.
Nd3 Nce7 22. g4 Kh8 23. h3 Ng8 24. b4 f5 25. Kg2 Nf6 26. Bg3 h5 27. g5 h4 28. Be5 Nh5 29. f4 Ng3 30. Rf3 a5 31.
bxa5 Rxa5 32. Rxg3 hxg3 33. Kxg3 Rea8 34. a4 Kg8 35. h4 Ne7 36. Qd1 Qe6 37. Rb1 R5a7 38. h5 Qd7 39. Ne1 Nc8 40. Nf3 Ra6 41. h6 gxh6 42.
Qd3 b6 43. Nh4 bxc5 44. Nxf5 c4 45. Qc2 hxg5 46. fxg5 Ne7 47. Nxe7+ Qxe7 48. Qg6+ Bg7 49. Rf1 c5 50. Nxd5 Qxe5+ 51. dxe5 Rxg6 52. Ne7+ Kh7 53. Rh1+ Rh6 54. gxh6 Bxe5+ 55. Kg4 c3 56. Kf5 Bd4 57. Nc6 Rxa4 58. Ke4 Ra6 59. Nxd4 Ra4 60. Kd3 cxd4 61. Rh2 Rb4 62. Rh1 Ra4 63. Rh2 Kg8 64.
h7+ Kh8 65. Rh1 Rb4 66. Rh2 Rb2 67. Rh1 Rd2+ 68. Kc4 c2 69. Kb3 d3 70. Rc1 Rd1 71. Kb2 Rxc1 72. Kxc1 Kxh7 73. Kd2 Kg6 74. Kc1 Kf5 75.
Kd2 Ke4 76. Kc1 Ke3 0-1

[Event "*** Titled Tuesday Blitz"]
[Site "Chess.com"]
[Date "2020.11.03"]
[Round "4"]
[White "dretch"]
[Black "Azerichess"]
[Result "1/2-1/2"]
[WhiteElo "2824"]
[BlackElo "3013"]
[TimeControl "180+1"]
[EndTime "10:43:51 PST"]
[Termination "Game drawn by stalemate"]

1. d4 Nf6 2. c4 e6 3. Nc3 Bb4 4.
Qc2 b6 5. e4 c5 6. a3 Bxc3+ 7.
bxc3 O-O 8. e5 Ne8 9. Bd3 f5 10. Ne2 Nc6 11. O-O Ba6 12. Be3 Rc8 13. Rfd1 Qe7 14.
Qa4 Bb7 15. f3 Na5 16. dxc5 Rxc5 17. Qb4 Nc7 18. Bxc5 Qxc5+ 19. Qxc5 bxc5 20. h4 Na8 21. Rab1 Ba6 22. Nf4 Nb6 23. Bf1 Kf7 24. Rd6 Ke7 25.
h5 Bxc4 26. Nd3 Nb7 27. Rdxb6 axb6 28. Rxb6 Bd5 29. Nf4 Bc6 30. Bb5 Na5 31. a4 Ra8 32.
Nd3 Bxb5 33. axb5 Nc4 34. Rb7 Rc8 35. b6 Rc6 36. Rc7 Rxb6 37. Rxc5 Rb1+ 38. Kf2 Nb6 39.
Rc7 Nd5 40. Rc8 Rd1 41. Ke2 Ra1 42. Kf2 Ra2+ 43. Kg3 Ra3 44. Nf4 Nxc3 45. Rh8 Nd5 46. Rxh7 Nxf4 47. Kxf4 Kf8 48. Rh8+ Kf7 49. g4 Ra4+ 50.
Kg5 fxg4 51. fxg4 Re4 52. Rd8 Rxe5+ 53. Kf4 Rd5 54. g5 Rd4+ 55. Kf3 Rd3+ 56. Kf4 Rd4+ 57. Kg3 Ke7 58. Rg8 Kf7 59. Rd8 Rd5 60. Kf4 Ke7 61.
Rg8 Rf5+ 62. Kg4 Kf7 63. Rd8 d5 64. Rd7+ Kf8 65. g6 Rf1 66. Ra7 Rg1+ 67. Kf4 Rf1+ 68. Kg4 Rg1+ 69. Kf4 Rf1+ 70. Ke5 Kg8 71. Kxe6 d4 72. Rd7 Rf4 73. Ke5 Rf8 74. Rxd4 Re8+ 75. Kf5 Rf8+ 76. Kg5 Ra8 77. Rd7 Ra5+ 78. Kf4 Ra4+ 79.
Ke5 Ra5+ 80. Ke6 Ra8 81. Ke7 Rb8 82. Rd8+ Rxd8 83. Kxd8 Kh8 84. Ke7 Kg8 85. Ke8 Kh8 86. h6 Kg8 87. h7+ Kh8 88. Kf8 1/2-1/2

[Event "*** Titled Tuesday Blitz"]
[Site "Chess.com"]
[Date "2020.11.03"]
[Round "4"]
[White "shnitez"]
[Black "BabyFacedAssasin"]
[Result "1-0"]
[WhiteElo "2532"]
[BlackElo "2250"]
[TimeControl "180+1"]
[EndTime "10:44:23 PST"]
[Termination "shnitez won by resignation"]

1. e4 c5 2. Nf3 d6 3. Bb5+ Bd7 4. Bxd7+ Qxd7 5. c4 g6 6. d4 cxd4 7. Nxd4 Bg7 8. Nc3 Nc6 9. Be3 Nf6 10. f3 O-O 11.
O-O a6 12. a4 Rac8 13. b3 e6 14. Re1 d5 15. Nxc6 bxc6 16. e5 Nh5 17. Bc5 Rfd8 18. Bd6 Bf8 19. c5 Bxd6 20. exd6 f6 21. b4 e5 22. b5 d4 23. Ne4 f5 24. Qb3+ Qf7 25.
Qxf7+ Kxf7 26. Ng5+ Kf6 27. Nxh7+ Kg7 28. Rxe5 Kxh7 29.
b6 Nf6 30. Rb1 d3 31. Rd1 Re8 32. Rxe8 Rxe8 33. Rxd3 Nd7 34. Rc3 Kg7 35. f4 Kf6 36. Rc4 Ke6 37. Rb4 Kd5 38. b7 Rb8 39. a5 Kxc5 40. Rb2 Kxd6 41. Kf2 Nc5 42. Kg3 Rxb7 43. Rd2+ Ke6 44. Re2+ Kf6 45. Rc2 Ne4+ 46. Kf3 Rb3+ 47. Ke2 Rc3 48. Rb2 Rc5 49. Rb6 Rxa5 50. Rxc6+ Kg7 51.
g3 Ra2+ 52. Ke3 a5 53. Kd4 a4 54. Ke5 a3 55. Rc7+ Kh6 56. Ra7 Ra1 57. h3 a2 58.
g4 fxg4 59. hxg4 Nf2 60. g5+ Kh5 61. Kf6 Nh3 62. Rh7+ Kg4 63. Ra7 Nxf4 64. Ra4 Kg3 65.
Ra3+ Kg4 66. Ra4 Kg3 67. Ra3+ Kf2 68. Ra4 Ke3 69. Ra3+ Nd3 70. Kxg6 Kd4 71. Kg7 Kc4 72. g6 Nb4 73. Kg8 Rg1 74. Rxa2 Nxa2 75. g7 Nb4 76.
Kh8 Rh1+ 77. Kg8 Nd5 78. Kf7 Rf1+ 79. Ke6 Nf4+ 80. Ke7 Nh5 81. g8=Q+ Kd4 82. Qg4+ Ke3 83. Qxh5 Rf4 84. Qe5+ Kf3 85. Kd6 Re4 86. Qd5 Kf4 87.
Qa2 Re3 88. Qb2 Kf3 89. Qc2 Re4 90. Qd3+ Kf4 91. Qd1 Ke3 92. Kc5 Rf4 93. Qc1+ Kf3 94. Qe1 Kg2 95. Kd5 Rf3 96. Ke4 Rg3 97. Kf4 Rf3+ 98.
Ke4 Rh3 99. Qe2+ Kg1 100. Kf4 Rh2 101. Qe1+ Kg2 102. Kg4 Rh3 103. Qe2+ Kg1 104. Kxh3 1-0

[Event "*** Titled Tuesday Blitz"]
[Site "Chess.com"]
[Date "2020.11.03"]
[Round "4"]
[White "aleksey1203borisovi4"]
[Black "Jungle_Jaguar"]
[Result "1/2-1/2"]
[WhiteElo "2471"]
[BlackElo "2629"]
[TimeControl "180+1"]
[EndTime "10:44:34 PST"]
[Termination "Game drawn - insufficient material"]

1. g3 Nf6 2. Bg2 g6 3. d3 Bg7 4. Nc3 O-O 5. h4 h5 6. e4 c6 7. Nf3 d5 8. O-O Bg4 9. e5 Ne8 10. d4 Nd7 11. Be3 Nc7 12. Qd2 c5 13. Rfe1 cxd4 14. Bxd4 Nb6 15. b3 Rc8 16. Ng5 Ne6 17. Nxe6 Bxe6 18. Rad1 Qc7 19. Nb5 Qb8 20. a4 Rc6 21. a5 Nc8 22. Bb2 Bg4 23. f3 Bd7 24.
Nd4 Rc7 25. Qd3 e6 26. Ba3 Re8 27. g4 hxg4 28. fxg4 Bf8 29. Bxf8 Rxf8 30. h5 gxh5 31. Qe3 Ne7 32. Qg5+ Kh7 33. Kf2 Ng6 34. gxh5 Ne7 35. Qxe7 Rg8 36. Bf3 Bc6 37. Qf6 Qf8 38. Rg1 Qh6 39.
Rxg8 Qxf6 40. exf6 Kxg8 41. Ke3 Kh7 42. Rg1 Kh6 43.
Kf4 Be8 44. Ke5 Rc3 45. Be2 Re3+ 46. Kf4 Re4+ 47. Kf3 Rxd4 48. Bd3 Bc6 49. Rg8 Rh4 50. Rh8+ Kg5 51. Ke3 d4+ 52. Kf2 Rh2+ 53. Kg3 Rg2+ 54.
Kh3 Kxf6 55. Ra8 Rg1 56. Kh4 a6 57. Rh8 Bf3 58. h6 Rh1+ 59. Kg3 Bd5 60. h7 e5 61.
Rg8 e4 62. h8=Q+ Rxh8 63. Rxh8 exd3 64. cxd3 Bxb3 65. Kf4 Ke6 66. Rh5 Ba4 67. Re5+ Kd6 68. Ke4 f6 69. Rf5 Ke6 70. Rh5 Be8 71. Rh6 Bc6+ 72. Kxd4 Bb5 73. Ke3 Bc6 74. Kd4 Bb5 75.
Rh8 Kd7 76. Ke4 Bc6+ 77. Kf5 Bb5 78. d4 Kd6 79. Kxf6 Kd5 80. Rd8+ Kc4 81. Ke5 Kb4 82. d5 Kxa5 83. d6 Kb6 84. Ke6 Bc4+ 85. Ke7 a5 86. Rc8 Bb5 87. d7 Bxd7 88. Kxd7 a4 89. Ra8 Kb5 90. Kc7 Kb4 91. Kxb7 a3 92.
Rh8 a2 93. Rh1 Kb3 94. Kb6 Kb2 95. Kb5 a1=Q 96. Rxa1 Kxa1 1/2-1/2

[Event "*** Titled Tuesday Blitz"]
[Site "Chess.com"]
[Date "2020.11.03"]
[Round "4"]
[White "JosefineHeinemann"]
[Black "Omk124"]
[Result "1/2-1/2"]
[WhiteElo "2592"]
[BlackElo "2427"]
[TimeControl "180+1"]
[EndTime "10:44:41 PST"]
[Termination "Game drawn by agreement"]

1. e4 g6 2. d4 Bg7 3. Nc3 c6 4. Bc4 d6 5. Qe2 Nf6 6. Nf3 d5 7. exd5 cxd5 8. Bb5+ Nc6 9. Ne5 Qb6 10. Na4 Qc7 11. O-O O-O 12. Nxc6 bxc6 13. Bd3 Bg4 14. f3 Bf5 15. c3 Bxd3 16. Qxd3 e5 17. dxe5 Qxe5 18.
Bd2 Nd7 19. Rae1 Qd6 20. Be3 Rfe8 21. Bf2 Ne5 22. Qc2 a6 23. Nc5 Nd7 24. Nxd7 Qxd7 25. Qd3 a5 26. g3 Qb7 27. b3 a4 28. bxa4 Rxe1 29. Rxe1 Bf8 30. c4 Rxa4 31. cxd5 cxd5 32. Re2 Qc6 33. Qb3 Ra3 34. Qb8 Ra8 35. Qb3 Ra3 36.
Qb8 Ra8 37. Qb6 Qxb6 38. Bxb6 Bg7 39. Rd2 d4 40. Kf2 Ra6 41. Bc5 Ra5 42. Bb4 Rd5 43. a3 h5 44. Ke2 Re5+ 45. Kf2 Re3 46. Bc5 Rc3 47. Bb4 Rb3 48. f4 h4 49. Kg2 Bf6 50. Bc5 hxg3 51. hxg3 Rc3 52. Bd6 Kg7 53. a4 Rc6 54. Bb4 Rc4 55. Bd6 Rxa4 56. Be5 Bxe5 57.
fxe5 Kf8 58. Kf3 Ke7 59. Ke4 Ra3 60. g4 Re3+ 61. Kf4 Ke6 62. Rxd4 Rxe5 63. Ra4 g5+ 64. Kf3 Kf6 65. Ra6+ Re6 66. Ra5 Kg6 67. Rb5 f6 68.
Ra5 Rd6 69. Rb5 Rd3+ 70. Kg2 Kf7 71. Rb6 Re3 72. Ra6 Re6 73. Ra5 Rb6 74. Kf3 Ke6 75. Rc5 Rb3+ 76. Kg2 Re3 77. Ra5 Re4 78. Kf3 Rf4+ 79.
Kg3 Rd4 80. Kf3 Rd5 81. Ra6+ Ke5 82. Ra3 Rd4 83. Ra5+ Rd5 84. Ra3 Kd4 85. Kg3 Re5 86. Kf3 Rc5 87. Ra6 Rc3+ 88. Kg2 Rc2+ 89. Kf3 Rc1 90.
Ra4+ Ke5 91. Ra5+ Ke6 92. Kg3 Rc3+ 93. Kg2 Re3 94. Kf2 Re4 95. Kf3 Rf4+ 96. Kg3 Kf7 97.
Ra6 Kg6 98. Ra5 f5 99. Ra6+ Kg7 100. gxf5 Rxf5 101. Kg4 Rb5 102. Rc6 Kf7 103. Ra6 Rc5 104. Rb6 Rd5 105. Ra6 Rb5 106. Rc6 Ke7 107. Rg6 Kf7 108. Rxg5 Rb1 109. Rf5+ 1/2-1/2

[Event "*** Titled Tuesday Blitz"]
[Site "Chess.com"]
[Date "2020.11.03"]
[Round "4"]
[White "PavelShkapenko"]
[Black "enriquetejedor"]
[Result "1/2-1/2"]
[WhiteElo "2640"]
[BlackElo "2481"]
[TimeControl "180+1"]
[EndTime "10:45:18 PST"]
[Termination "Game drawn by stalemate"]

1. e4 c5 2. c3 Nf6 3. e5 Nd5 4. d4 cxd4 5. cxd4 e6 6. Nc3 Nxc3 7. bxc3 d6 8. f4 b6 9. Nf3 Be7 10. Bd3 O-O 11. Qe2 d5 12. O-O a5 13. a4 Qc7 14. Ba3 Bxa3 15. Rxa3 Ba6 16. Ng5 h6 17. Nh3 Bxd3 18. Qxd3 f5 19. exf6 Rxf6 20. f5 Nc6 21. fxe6 Rxe6 22. Qf5 Qd7 23. Rb3 Rd8 24. Nf4 Re3 25.
Qxd7 Rxd7 26. Rxb6 Rxc3 27. Ne6 Re7 28. Nf4 Nxd4 29.
Nxd5 Ne2+ 30. Kh1 Rf7 31. Rb8+ Kh7 32. Re1 Rc1 33. Rxc1 Nxc1 34. h3 Nd3 35. Rb5 Rf1+ 36. Kh2 Ra1 37. Rxa5 Nb2 38. Nb6 Ra2 39. Ra8 Nd3 40. Kg3 Ne1 41. a5 Rxg2+ 42. Kf4 Rf2+ 43. Ke3 Rh2 44. a6 Rxh3+ 45. Ke2 Nd3 46. a7 Nf4+ 47. Kd2 Rh2+ 48. Kc3 Rh3+ 49. Kb4 Nd3+ 50. Kb5 Rh5+ 51. Kc4 Ne5+ 52. Kc3 Rh3+ 53. Kd4 Nc6+ 54. Kd5 Nxa7 55. Rxa7 Re3 56. Nd7 h5 57. Ne5 h4 58. Kd4 Re2 59. Nf3 h3 60. Ng5+ Kh6 61. Nxh3 Rh2 62. Nf4 g5 63.
Nd5 g4 64. Ke4 g3 65. Kf3 Rd2 66. Ne3 g2 67. Nxg2 Rd4 68. Nf4 Rb4 69. Ra6+ Kg7 70. Kg4 Rc4 71. Kf5 Kf8 72. Ra7 Ke8 73. Nd5 Rc1 74.
Ke5 Re1+ 75. Kd6 Kf8 76. Nf4 Rd1+ 77. Ke6 Re1+ 78. Kf6 Ke8 79. Ne6 Rf1+ 80. Ke5 Re1+ 81. Kd5 Rd1+ 82. Nd4 Rd2 83. Kc5 Kf8 84. Ra4 Kf7 85. Ra6 Rd1 86. Nf5 Rf1 87. Nh6+ Kg7 88. Ng4 Rf5+ 89. Kd6 Rg5 90. Ra7+ Kg6 91. Ne5+ Kf5 92.
Rf7+ Ke4 93. Re7 Rg2 94. Nc6+ Kd3 95. Kd5 Rg5+ 96. Ne5+ Kd2 97. Rf7 Rg8 98. Rf4 Ke3 99. Rf3+ Ke2 100. Rb3 Rd8+ 101. Ke4 Rd2 102. Re3+ Kd1 103. Nf3 Rd8 104. Ra3 Kc2 105. Nd4+ Kb2 106. Rb3+ Ka2 107. Rb6 Rh8 108. Ne2 Re8+ 109. Kd3 Ka3 110. Nc3 Rd8+ 111. Kc2 Rd2+ 112. Kc1 Rc2+ 113. Kxc2 1/2-1/2

[Event "*** Titled Tuesday Blitz"]
[Site "Chess.com"]
[Date "2020.11.03"]
[Round "4"]
[White "VMikhalevski"]
[Black "Chessdreamer2020"]
[Result "0-1"]
[WhiteElo "2711"]
[BlackElo "2495"]
[TimeControl "180+1"]
[EndTime "10:45:25 PST"]
[Termination "Chessdreamer2020 won on time"]

1. d4 d6 2. Nf3 g6 3. g3 Bg7 4. Bg2 e5 5. dxe5 dxe5 6. Qxd8+ Kxd8 7. Nc3 c6 8. Ng5 Nh6 9. f4 f6 10. Nge4 Nf7 11. fxe5 Nxe5 12. O-O Rf8 13. Bf4 Be6 14. Rad1+ Nbd7 15. Nxf6 Bxf6 16. Bxe5 Be7 17. Rxf8+ Bxf8 18. Ne4 Ke8 19. Bc3 Rb8 20. a4 Be7 21. a5 a6 22.
Nd6+ Kf8 23. h4 Nc5 24. Bb4 Nd7 25. Ba3 Ne5 26. Rf1+ Kg8 27. Rf4 Nf7 28. Re4 Nd8 29. c4 Bf8 30. Bc5 Bf5 31. Nxf5 Bxc5+ 32. Ne3 Nf7 33.
Kh2 Nd6 34. Re5 Bxe3 35. Rxe3 Nxc4 36. Re4 Nxa5 37. Ra4 Nb3 38. Rb4 Nc5 39. Bxc6 Kf7 40. Kg2 Ke6 41. Rb6 Ke5 42. Bf3 Kd4 43. h5 gxh5 44.
Rh6 Na4 45. b3 Nc5 46. b4 Na4 47. Rxh5 b5 48. Rxh7 Kc3 49. Rh6 Kxb4 50. Rxa6 Nc5 51. Ra7 Kc3 52. g4 b4 53. Rc7 Rb5 54. Bc6 Ra5 55.
Bd5 b3 56. Bxb3 Kxb3 57. Kf3 Ne6 58. Re7 Re5 59. Kf2 Kc4 60. g5 Kd5 61. g6 Rf5+ 62.
Ke1 Rg5 63. Rd7+ Ke5 64. Ra7 Kf6 65. Ra5 Rxg6 66. Ra6 Rg4 67. Rb6 Rc4 68. Ra6 Rb4 69. Rc6 Ra4 70. Rc3 Ke5 71. Re3+ Kd5 72. Rd3+ Ke4 73.
Rh3 Ra1+ 74. Kf2 Ra2 75. Rh8 Nf4 76. Re8+ Kf5 77. Kf3 Ra3+ 78. e3 Ne6 79. Re7 Ng5+ 80. Ke2 Ra2+ 81. Kd3 Ra3+ 82. Ke2 Ne4 83. Rf7+ Ke5 84.
Re7+ Kd5 85. Rd7+ Ke6 86. Rd8 Ra2+ 87. Kf3 Ng5+ 88. Kf4 Nf7 89. Re8+ Kf6 90. Rb8 Ra6 91. e4 Ra1 92. Rb6+ Ke7 93. Rb7+ Kf6 94. Rb6+ Kg7 95. Rb7 Rf1+ 96. Ke3 Kf6 97. Rb6+ Ke7 98. Ra6 Nd6 99. e5 Re1+ 100. Kd4 Nf5+ 101. Kd5 Rd1+ 102. Ke4 Ng3+ 103. Kf4 Ne2+ 104. Kf5 Nd4+ 105. Ke4 Ne6 106. Kf5 Rf1+ 107. Ke4 Rf4+ 108. Ke3 Rb4 109. Ra7+ Kf8 110. Rh7 Rb3+ 111. Kd2 Rb5 112. Rh5 Ke7 113. Ke3 Kf7 114. Rf5+ Ke7 115. Ke4 Rb3 116. Kd5 Rb4 0-1

[Event "*** Titled Tuesday Blitz"]
[Site "Chess.com"]
[Date "2020.11.03"]
[Round "5"]
[White "Nara_Kh"]
[Black "rududuyk"]
[Result "1-0"]
[WhiteElo "2339"]
[BlackElo "2164"]
[TimeControl "180+1"]
[EndTime "10:52:56 PST"]
[Termination "Nara_Kh won by resignation"]

1. e4 e6 2. d4 d5 3. Nd2 Nf6 4.
e5 Nfd7 5. Bd3 c5 6. c3 Nc6 7.
Ngf3 Qb6 8. O-O cxd4 9. cxd4 Nxd4 10. Nxd4 Qxd4 11. Nf3 Be7 12. Nxd4 1-0

[Event "*** Titled Tuesday Blitz"]
[Site "Chess.com"]
[Date "2020.11.03"]
[Round "5"]
[White "karwowskikacper"]
[Black "Anton_Demchenko"]
[Result "0-1"]
[WhiteElo "2461"]
[BlackElo "2834"]
[TimeControl "180+1"]
[EndTime "10:53:19 PST"]
[Termination "Anton_Demchenko won by resignation"]

1. e4 e5 2. Nf3 Nc6 3. d4 exd4 4. Nxd4 Nf6 5. Nc3 Bb4 6. Nxc6 bxc6 7. Bd3 O-O 8. O-O d5 9. exd5 cxd5 10. h3 Rb8 11.
Qf3 Rb6 12. Bg5 Bb7 13. Ne2 h6 14. Be3 d4 15. Qxf6 Rxf6 16. Bxd4 Re6 0-1

[Event "*** Titled Tuesday Blitz"]
[Site "Chess.com"]
[Date "2020.11.03"]
[Round "5"]
[White "annamaja"]
[Black "WcmDominicToretto"]
[Result "1-0"]
[WhiteElo "2300"]
[BlackElo "1862"]
[TimeControl "180+1"]
[EndTime "10:54:06 PST"]
[Termination "annamaja won by resignation"]

1. e4 e5 2. Nf3 Nc6 3. Bc4 Bc5 4.
d3 Nf6 5. O-O O-O 6. c3 d5 7.
exd5 Nxd5 8. Re1 Bg4 9. Nbd2 Re8 10. Ne4 Bb6 11. h3 Bh5 12. Bg5 Qd7 13. a4 h6 14.
Bxh6 gxh6 15. Bxd5 Ne7 16. Nf6+ Kf8 17. Nxd7+ Kg8 18. Nf6+ 1-0

[Event "*** Titled Tuesday Blitz"]
[Site "Chess.com"]
[Date "2020.11.03"]
[Round "5"]
[White "Alindsay211"]
[Black "Quiet_Desperation"]
[Result "1-0"]
[WhiteElo "2463"]
[BlackElo "1831"]
[TimeControl "180+1"]
[EndTime "10:55:22 PST"]
[Termination "Alindsay211 won by resignation"]

1. c4 c6 2. Nc3 d5 3. cxd5 cxd5 4. d4 Nf6 5. g3 Nc6 6. Bg2 g6 7. e3 Bg7 8. Nge2 O-O 9. O-O e6 10. a3 b6 11. b4 Bb7 12. Bd2 Rc8 13. Rc1 Qe7 14. Na4 Rc7 15. b5 Na5 16. Bb4 Qd7 17.
Bxf8 Bxf8 18. Rxc7 Qxc7 19. Qc1 Nc4 20. Qc3 Bxa3 21. Ra1 Be7 22. Nb2 Bc8 23. Rc1 a6 24. Nxc4 dxc4 25. Qxc4 Qxc4 26. Rxc4 1-0

[Event "*** Titled Tuesday Blitz"]
[Site "Chess.com"]
[Date "2020.11.03"]
[Round "5"]
[White "keepitcoming"]
[Black "Man-Chuk"]
[Result "0-1"]
[WhiteElo "2535"]
[BlackElo "2841"]
[TimeControl "180+1"]
[EndTime "10:55:43 PST"]
[Termination "Man-Chuk won by resignation"]

1. d4 Nf6 2. c4 e6 3. Nc3 Bb4 4. e3 b6 5. Ne2 Ba6 6. a3 Bxc3+ 7. Nxc3 d5 8. cxd5 Bxf1 9. Kxf1 exd5 10. g3 c5 11. h4 Nc6 12. h5 h6 13. Kg2 O-O 14.
b3 Re8 15. dxc5 bxc5 16. Na4 d4 17. Nxc5 Qd5+ 18. Qf3 Qxc5 19. b4 Qd5 20. b5 Qxb5 0-1

[Event "*** Titled Tuesday Blitz"]
[Site "Chess.com"]
[Date "2020.11.03"]
[Round "5"]
[White "Tenamu"]
[Black "bazar-wokzal"]
[Result "0-1"]
[WhiteElo "2358"]
[BlackElo "2515"]
[TimeControl "180+1"]
[EndTime "10:55:46 PST"]
[Termination "bazar-wokzal won by resignation"]

1. d4 Nf6 2. Nc3 d5 3. Bf4 c6 4. e3 Nbd7 5. Nf3 g6 6. h4 Bg7 7.
Bd3 O-O 8. g4 Nxg4 9. h5 e5 10.
hxg6 exf4 11. gxf7+ Rxf7 12. Qe2 Nf8 13. O-O-O fxe3 14.
fxe3 Qe7 15. Kd2 Bh6 16. Rdg1 Bxe3+ 17. Kd1 Bxg1 18. Rxg1 Qxe2+ 19. Bxe2 h5 20. Ne5 Rg7 21. Nxg4 Bxg4 22. Bxg4 hxg4 23. Rh1 g3 24. Ne2 g2 25.
Rg1 Ne6 26. c3 Rf8 27. Ke1 Nf4 28. Nxf4 Rxf4 29. Ke2 Re7+ 0-1

[Event "*** Titled Tuesday Blitz"]
[Site "Chess.com"]
[Date "2020.11.03"]
[Round "5"]
[White "xberli"]
[Black "andrzej"]
[Result "1-0"]
[WhiteElo "2552"]
[BlackElo "2379"]
[TimeControl "180+1"]
[EndTime "10:55:54 PST"]
[Termination "xberli won by resignation"]

1. e4 c5 2. Nf3 e6 3. d4 cxd4 4. Nxd4 Nf6 5. Nc3 d6 6. Bc4 Be7 7. Be3 O-O 8. Qe2 Nxe4 9. Nxe4 d5 10. Bd3 dxe4 11. Bxe4 Qa5+ 12. Bd2 Qb6 13. Nb3 Bd7 14. O-O Bc6 15. Bd3 Nd7 16. Ba5 Bf3 17. Qxf3 Qd6 18.
Bc3 f5 19. Rad1 Qc7 20. Rfe1 Nf6 21. Rxe6 Ng4 22. g3 Bc5 23. Nxc5 Qxc5 24. h3 Nh6 25. Qe3 Qc7 26. Re7 1-0

[Event "*** Titled Tuesday Blitz"]
[Site "Chess.com"]
[Date "2020.11.03"]
[Round "5"]
[White "Lagmantr"]
[Black "pastouche06"]
[Result "1-0"]
[WhiteElo "2719"]
[BlackElo "2503"]
[TimeControl "180+1"]
[EndTime "10:55:55 PST"]
[Termination "Lagmantr won by resignation"]

1. e4 c6 2. Nc3 d5 3. d3 d4 4.
Nce2 e5 5. g3 h5 6. Bg2 h4 7. f4 hxg3 8. Nxg3 exf4 9. Bxf4 Bd6 10. e5 Bc7 11. Nf3 Ne7 12. Qe2 Be6 13. O-O Ng6 14.
Bg5 Qd7 15. Qf2 c5 16. Ne4 b6 17. Nd6+ Bxd6 18. exd6 Nc6 19. Rae1 O-O 20. Qg3 Rfe8 21. Nh4 Nxh4 22. Bxh4 Rac8 23. Bf6 Bg4 24. Rxe8+ Rxe8 25. Bxc6 1-0

[Event "*** Titled Tuesday Blitz"]
[Site "Chess.com"]
[Date "2020.11.03"]
[Round "5"]
[White "davigator"]
[Black "GoltsevDmitry2000"]
[Result "0-1"]
[WhiteElo "2364"]
[BlackElo "2662"]
[TimeControl "180+1"]
[EndTime "10:55:55 PST"]
[Termination "GoltsevDmitry2000 won by resignation"]

1. e4 c5 2. Nf3 e6 3. d4 cxd4 4. Nxd4 a6 5. Bd3 Qc7 6. Qe2 Nc6 7. Nxc6 bxc6 8. c4 Bb7 9. Nc3 Bd6 10. g3 Ne7 11. f4 e5 12. f5 Bc5 13. Be3 Qb6 14. Bxc5 Qxc5 15. Qf2 Qxf2+ 16. Kxf2 d6 17. c5 d5 18. Rhe1 f6 19. Na4 Nc8 20. b4 Kd7 21. Rad1 Kc7 22. g4 h6 23. Kg3 Rd8 24. h4 a5 25. b5 cxb5 26. Bxb5 dxe4 27. Rxd8 Kxd8 28. c6 Ba6 29. Nc3 Kc7 30. Rxe4 Bxb5 31. Nxb5+ Kxc6 32. a4 Nb6 33. g5 hxg5 34. hxg5 Rh8 35.
Nc3 Rh5 36. gxf6 gxf6 37. Rg4 Rxf5 38. Rg6 Nd5 39. Rg8 Nxc3 0-1

[Event "*** Titled Tuesday Blitz"]
[Site "Chess.com"]
[Date "2020.11.03"]
[Round "5"]
[White "CM_rui"]
[Black "VMikhalevski"]
[Result "1-0"]
[WhiteElo "2388"]
[BlackElo "2697"]
[TimeControl "180+1"]
[EndTime "10:55:58 PST"]
[Termination "CM_rui won by resignation"]

1. e4 e5 2. Nf3 Nc6 3. Bb5 g6 4.
O-O Bg7 5. c3 a6 6. Ba4 b5 7.
Bc2 Nf6 8. d4 exd4 9. e5 Nd5 10.
cxd4 d6 11. Be4 Nce7 12. Bg5 Bb7 13. Qb3 Rb8 14. Bxd5 Bxd5 15. Bxe7 Bxb3 16. Bxd8 Bc4 17. Bxc7 Rc8 18. exd6 Bxf1 19. Kxf1 Kd7 20. Nc3 Rhe8 21.
Rc1 Re6 22. Ng5 Rf6 23. Nge4 Rf4 24. Nc5+ Kc6 25. d7 Kxc7 26. Nd5+ Kd8 27. dxc8=Q+ 1-0

[Event "*** Titled Tuesday Blitz"]
[Site "Chess.com"]
[Date "2020.11.03"]
[Round "5"]
[White "Susal_De_Silva"]
[Black "SergeyShtyka"]
[Result "1-0"]
[WhiteElo "2523"]
[BlackElo "2362"]
[TimeControl "180+1"]
[EndTime "10:55:59 PST"]
[Termination "Susal_De_Silva won by resignation"]

1. e4 c5 2. Nf3 Nc6 3. Bb5 Nd4 4. Nxd4 cxd4 5. O-O e6 6. c3 Bc5 7. a4 Ne7 8. b4 Bd6 9. Ba3 dxc3 10. dxc3 Qc7 11. g3 h5 12. Nd2 h4 13. Nc4 Bxg3 14. fxg3 hxg3 15. Nd6+ Kf8 16. Rxf7+ Kg8 17. hxg3 Qxc3 18. Rf3 Qe5 19. Nf7 1-0

[Event "*** Titled Tuesday Blitz"]
[Site "Chess.com"]
[Date "2020.11.03"]
[Round "5"]
[White "Caracternin123"]
[Black "tigra"]
[Result "0-1"]
[WhiteElo "2597"]
[BlackElo "2827"]
[TimeControl "180+1"]
[EndTime "10:56:05 PST"]
[Termination "tigra won on time"]

1. d4 Nf6 2. Nf3 g6 3. Bg5 Bg7 4. Nbd2 d6 5. e4 h6 6. Bh4 g5 7. Bg3 Nh5 8. c3 Nc6 9. Bc4 e6 10. O-O Bd7 11. Re1 Qe7 12. Nf1 Nxg3 13. Nxg3 h5 14.
Nf5 Qf6 15. d5 Ne5 16. Nxe5 Qxe5 17. Qb3 Bf6 18. dxe6 fxe6 19. Nd4 Ke7 20. Qxb7 Qc5 0-1